 Dungeon Crawl Stone Soup version 0.28.0-53-g5a82cb258f (console) character file.

Game seed: 8730356405236876310

8269 Banquo the Grappler (level 11, -9/100 HPs)
             Began as a Troll Fighter on July 29, 2022.
             Was a Believer of Uskayaw.
             Mangled by a two-headed ogre
             ... wielding a +0 giant spiked club
              (27 damage)
             ... on level 10 of the Dungeon.
             The game lasted 00:22:14 (9463 turns).

Banquo the Grappler (Troll Fighter)                 Turns: 9463, Time: 00:22:14

Health: -9/100     AC:  7    Str: 26    XL:     11   Next: 7%
Magic:  13/13      EV: 10    Int:  4    God:    Uskayaw [**....]
Gold:   509        SH:  9    Dex: 13    Spells: 10/10 levels left

rFire   . . .      SeeInvis +     - Unarmed
rCold   . . .      Faith    .   i - +0 kite shield
rNeg    . . .      Spirit   .   d - +0 troll leather armour
rPois   .          Reflect  .   h - +0 hat {SInv}
rElec   .          Harm     .   e - +0 cloak
rCorr   .          Rampage  .   (gloves unavailable)
Will    +....                   (boots unavailable)
Stlth   +.........              (no amulet)
HPRegen 1.86/turn               C - ring of willpower
MPRegen 0.13/turn               (no ring)

@: no status effects
A: large, unfitting armour, claws 3, regeneration 1, shaggy fur 1, tough skin 1
a: Renounce Religion, Stomp, Line Pass


You were on level 10 of the Dungeon.
You worshipped Uskayaw.
Uskayaw was noncommittal.
You visited 1 branch of the dungeon, and saw 10 of its levels.

You collected 509 gold pieces.

Inventory:

Hand Weapons
 k - a +1 vampiric hand axe
 o - a +2 mace of protection
 q - a +1 whip of holy wrath
 s - a +0 spear
 A - the +0 war axe "Zarosog" {speed, rN+ Str+2}
   (You found it on level 2 of the Dungeon)

   Attacks with this weapon are significantly faster.
   Str:       It affects your strength (+2).
   rN:        It protects you from negative energy.
 F - the +12 rapier of Intimidation {vorpal, Fly rPois Dex-2 SInv}
   (You found it on level 8 of the Dungeon)

   It inflicts extra damage upon your enemies.
   Dex:       It affects your dexterity (-2).
   rPois:     It protects you from poison.
   SInv:      It lets you see invisible.
   Fly:       It grants you flight.
Missiles
 a - 201 stones (quivered)
 p - 2 boomerangs
 G - a curare-tipped dart
 K - 2 silver javelins
Armour
 d - a +0 troll leather armour (worn)
 e - a +0 cloak (worn)
 h - a +0 hat of see invisible (worn)
 i - a +0 kite shield (worn)
 J - a +0 robe
Magical Staves
 x - a staff of poison
Jewellery
 C - a ring of willpower (left claw)
Wands
 m - a wand of paralysis (6)
 n - a wand of acid (21)
 v - a wand of mindburst (12)
 y - a wand of digging (7)
 D - a wand of polymorph (8)
Scrolls
 g - 3 scrolls of fear
 u - 3 scrolls of vulnerability
 z - a scroll of noise
 E - a scroll of enchant weapon {unknown}
 H - a scroll of summoning {unknown}
 I - 2 scrolls of enchant armour {unknown}
Potions
 b - 5 potions of curing {unknown}
 c - a potion of might
 f - a potion of resistance {unknown}
 j - 2 potions of flight
 l - a potion of heal wounds {unknown}
 r - 2 potions of magic
 t - a potion of attraction {unknown}
 w - a potion of cancellation {unknown}
 B - 2 potions of brilliance {unknown}


   Skills:
 * Level 4.2 Fighting
 * Level 5.3 Dodging
 * Level 5.1 Shields
 * Level 13.4 Unarmed Combat
 * Level 5.3 Invocations


You had 10 spell levels left.
You didn't know any spells.
Your spell library contained the following spells:

 Spells                   Type           Power      Damage    Failure   Level
 Static Discharge         Conj/Air       0%         N/A       91%         2
 Frozen Ramparts          Ice            0%         1d2       99%         3
 Stone Arrow              Conj/Erth      0%         3d7       99%         3
 Animate Armour           Summ/Erth      0%         N/A       100%        4
 Dispel Undead            Necr           0%         3d6       100%        4
 Ice Form                 Ice/Tmut       0%         N/A       100%        4
 Leda's Liquefaction      Hex/Erth       0%         N/A       100%        4
 Sticky Flame             Conj/Fire      0%         2d3       100%        4
 Summon Ice Beast         Ice/Summ       0%         N/A       100%        4
 Lee's Rapid Deconstruct  Erth           0%         3d5*      100%        5
 Summon Forest            Summ/Tloc      0%         N/A       100%        5
 Eringya's Noxious Bog    Tmut/Pois      0%         N/A       100%        6
 Statue Form              Tmut/Erth      0%         N/A       100%        6
 Summon Hydra             Summ           0%         N/A       100%        7
 Lehudib's Crystal Spear  Conj/Erth      0%         10d2      100%        8


Dungeon Overview and Level Annotations

Branches:
Dungeon (10/15)            Temple (0/1) D:7            Lair (0/6) D:10
    Orc: D:9-12

Altars:
Cheibriados
Dithmenos
Fedhas
Kikubaaqudgha
Uskayaw
Xom
Zin
Beogh

Shops:
D:2 :   D:8 *   D:10 *

Annotations:
D:3 3 runed translucent doors, solomon12318's ghost, amateur NaFi
D:6 3 runed translucent doors, Banquo's ghost, novice GrIE
D:7 1 transporter, Ijustatesigmund's ghost, novice OpVM
D:10 Fannar


Innate Abilities, Weirdness & Mutations

You are too large for most types of armour.
You have claws for hands.
Your natural rate of healing is unusually fast.
You are covered in fur. (AC +1)
You have tough skin. (AC +1)


Message History

You climb downwards.
Level annotation: Fannar
There is a stone staircase leading up here.
Things that are here:
a water moccasin skeleton; a bullfrog skeleton You see here a black bear skeleton.
Found a staircase to the Lair.
Found a robe.
a - 201 stones (gained 19)
You open the door.
There is an open door here.
A two-headed ogre comes into view.
It is wielding two +0 giant spiked clubs.
The two-headed ogre shouts in stereo!
A black bear comes into view.
The black bear growls angrily.
You claw the two-headed ogre!
The two-headed ogre is lightly wounded.
You claw the two-headed ogre!
The two-headed ogre is moderately wounded.
The two-headed ogre hits you with a +0 giant spiked club!
You block the two-headed ogre's attack.
You scratch the two-headed ogre but do no damage.
The two-headed ogre is moderately wounded.
The two-headed ogre hits you with a +0 giant spiked club!!
The two-headed ogre closely misses you.
You barely miss the two-headed ogre.
The two-headed ogre is moderately wounded.
You scratch the two-headed ogre.
The two-headed ogre is moderately wounded.
The two-headed ogre hits you with a +0 giant spiked club!!
The two-headed ogre hits you with a +0 giant spiked club.
The black bear bites you but does no damage.
The black bear closely misses you. x2
You can now pass through a line of other dancers.
You closely miss the two-headed ogre.
The two-headed ogre is moderately wounded.
The two-headed ogre hits you with a +0 giant spiked club!!
* * * LOW HITPOINT WARNING * * *
The two-headed ogre hits you with a +0 giant spiked club!!
You die...

.. .# #.#
########.#
##+#........###
..............#
..............#
....?.........#
.......O@.....#
.......h......#
...#########..#
..P. #.......#..#
..PP #.......#..#
PP....#.....###..#
PPPP...#.....#....#
..PPP..#.....'....#
PP.PPP....#########


You could see a two-headed ogre and a black bear.

Vanquished Creatures
  Gastronok (D:8)
  A two-headed ogre (D:8)
  3 trolls
  Grinder (D:4)
  9 yaks (D:9)
  A shadow (D:8)
  A steam dragon (D:7)
  Duvessa (D:5)
  2 water moccasins
  4 black bears
  3 orc warriors
  A sky beast (D:4)
  3 ice beasts
  A necrophage (D:6)
  4 centaurs
  4 ogres
  3 kobold brigands
  4 bullfrogs
  4 scorpions
  A water moccasin zombie (D:5)
  A wyvern skeleton (D:7)
  Dowan (D:5)
  3 wights (D:9)
  4 howler monkeys
  2 bullfrog zombies
  A bullfrog skeleton (D:5)
  3 centaur zombies (D:9)
  6 orc priests
  2 centaur skeletons
  A gnoll shaman (D:4)
  2 hounds
  A jelly (D:6)
  3 iguanas
  8 orc wizards
  A hound skeleton (D:4)
  6 gnolls
  5 adders
  A shadow imp (D:6)
  A white imp (D:6)
  An adder skeleton (D:4)
  3 worms
  4 dart slugs
  22 orcs
  7 bats
  5 endoplasms
  A giant cockroach (D:1)
  11 hobgoblins
  6 jackals
  25 kobolds
  5 quokkas
  5 ball pythons
  2 frilled lizards
  7 goblins
  2 rats (D:1)
  A butterfly (D:8)
211 creatures vanquished.

Vanquished Creatures (others)
  10 fungi (D:10)
  14 plants (D:10)
24 creatures vanquished.

Grand Total: 235 creatures vanquished

Notes
Turn   | Place    | Note
-------+----------+-------------------------------------------
     0 | D:1      | Banquo the Troll Fighter began the quest for the Orb.
     0 | D:1      | Reached XP level 1. HP: 22/22 MP: 0/0
    45 | D:1      | Reached XP level 2. HP: 25/29 MP: 1/1
   391 | D:1      | Reached XP level 3. HP: 36/36 MP: 2/2
   791 | D:2      | Identified the +0 war axe "Zarosog" {speed, rN+ Str+2}
   871 | D:2      | Found a faded altar of an unknown god.
   883 | D:2      | Prayed at the altar of an unknown god.
   883 | D:2      | Became a worshipper of Uskayaw the Reveller
   883 | D:2      | Reached * piety under Uskayaw
   895 | D:2      | Found Cumeajuu's Book Boutique.
  1090 | D:2      | Reached skill level 3 in Unarmed Combat
  1183 | D:2      | Reached ** piety under Uskayaw
  1416 | D:3      | Found an ancient bone altar of Kikubaaqudgha.
  1446 | D:3      | Reached *** piety under Uskayaw
  1450 | D:3      | Reached XP level 4. HP: 42/44 MP: 3/3
  1666 | D:3      | Reached XP level 5. HP: 52/52 MP: 4/4
  1788 | D:3      | Reached skill level 4 in Unarmed Combat
  1795 | D:3      | Found a runed translucent gate.
  1795 | D:3      | Found a runed translucent gate.
  1795 | D:3      | Found a runed translucent gate.
  1821 | D:3      | Noticed solomon12318's ghost (amateur NaFi)
  1823 | D:3      | Identified the +7 short sword of Fuoxac {vorpal, *Slow MP+9
                  | Int+6 SInv}
  1823 | D:3      | Identified the +1 scale mail "Pod Uney" {rElec Slay+2}
  1922 | D:3      | Found a snail-covered altar of Cheibriados.
  2618 | D:4      | Noticed Grinder
  2742 | D:4      | Paralysed by Grinder for 4 turns
  2746 | D:4      | Killed Grinder
  2747 | D:4      | Reached skill level 5 in Unarmed Combat
  2747 | D:4      | Reached skill level 1 in Invocations
  2747 | D:4      | Reached XP level 6. HP: 22/59 MP: 4/6
  2751 | D:4      | Reached **** piety under Uskayaw
  2834 | D:4      | Reached skill level 6 in Unarmed Combat
  2892 | D:4      | Reached XP level 7. HP: 64/66 MP: 7/7
  3213 | D:5      | Entered Level 5 of the Dungeon
  3213 | D:5      | Noticed Duvessa
  3213 | D:5      | Noticed Dowan
  3322 | D:5      | Reached skill level 7 in Unarmed Combat
  3440 | D:4      | Reached XP level 8. HP: 75/75 MP: 8/8
  3479 | D:5      | Found a glowing silver altar of Zin.
  3513 | D:5      | Reached skill level 8 in Unarmed Combat
  3698 | D:5      | Killed Duvessa
  3713 | D:5      | Killed Dowan
  4180 | D:6      | Reached skill level 9 in Unarmed Combat
  4411 | D:6      | Reached XP level 9. HP: 74/83 MP: 10/10
  4624 | D:6      | Found a runed translucent gate.
  4624 | D:6      | Found a runed translucent gate.
  4624 | D:6      | Found a runed translucent gate.
  4814 | D:6      | Reached skill level 10 in Unarmed Combat
  5139 | D:6      | Noticed Banquo's ghost (novice GrIE)
  5302 | D:7      | Found a shadowy altar of Dithmenos.
  5822 | D:7      | Found a staircase to the Ecumenical Temple.
  5907 | D:7      | Found a transporter.
  5908 | D:7      | Noticed Ijustatesigmund's ghost (novice OpVM)
  5916 | D:7      | Identified the +5 great mace "Kicai" {vorpal, *Slow rC++
                  | rN+ SInv}
  5916 | D:7      | Noticed a two-headed ogre
  6251 | D:8      | Found Osiynn's Neck Hole.
  6416 | D:8      | Reached skill level 11 in Unarmed Combat
  6434 | D:8      | Noticed Gastronok
  6892 | D:8      | Killed Gastronok
  6893 | D:8      | Reached XP level 10. HP: 27/92 MP: 12/12
  7007 | D:8      | Noticed a two-headed ogre
  7024 | D:8      | Killed a two-headed ogre
  7025 | D:8      | Reached skill level 12 in Unarmed Combat
  7120 | D:8      | Found a shimmering altar of Xom.
  7232 | D:8      | Identified the +12 rapier of Intimidation {vorpal, Fly
                  | rPois Dex-2 SInv}
  7673 | D:9      | Reached skill level 5 in Dodging
  7681 | D:9      | Reached ***** piety under Uskayaw
  7959 | D:9      | Reached skill level 5 in Invocations
  8294 | D:9      | Reached skill level 13 in Unarmed Combat
  8600 | D:9      | Reached skill level 5 in Shields
  9062 | D:10     | Entered Level 10 of the Dungeon
  9093 | D:10     | Found a blossoming altar of Fedhas.
  9143 | D:10     | Reached XP level 11. HP: 98/100 MP: 13/13
  9206 | D:10     | Found Yqicw's Assorted Antiques.
  9306 | D:10     | Noticed Fannar
  9338 | D:10     | HP: 4/100 [Fannar/+0 quarterstaff of freezing (7)]
  9420 | D:10     | Found a staircase to the Lair.
  9452 | D:10     | Noticed a two-headed ogre
  9463 | D:10     | Mangled by a two-headed ogre

Illustrated notes

Levels and vault maps discovered:
D:1:      amcnicky_arrival_feature_with_door, layout_loops_ring,
          minmay_misc_feat_more_columns
D:2:      layout_basic, serial_shops, nicolae_shop_behind_doors,
          hellmonk_ecumenical_altar_prayer_group, grunt_ministairs_14
D:3:      layout_basic, kennysheep_slug_shrine, kiku_gazebo_pond_becter,
          biasface_ghost_orc_armoury
D:4:      layout_cave_pools, uniq_grinder
D:5:      layout_cave_pools, mainiacjoe_overflow_alcove_1, eino_tiny_chamber,
          uniq_duvessa
D:6:      layout_basic, gammafunk_ghost_icy, minmay_misc_feat_enclosed
D:7:      layout_loops_ring, nicolae_dithmenos_the_darkroom, temple_green,
          gammafunk_ghost_smash
D:8:      layout_basic, xom_butterflies, nicolae_shop_sticking_my_neck_out,
          uniq_gastronok
D:9:      layout_layer_cave
D:10:     layout_irregular_city, fedhas_altar_4, due_lair_maze_entry_diamond,
          hiddenorc1_lemuel, nicolae_inconvenience_store, hex_tiny,
          minmay_fractal_squares_gapless_5, uniq_fannar

Skill      XL: |  1  2  3  4  5  6  7  8  9 10 |
---------------+-------------------------------+-----
Unarmed Combat | 3 5 6 7 9 11 13 | 13.4
Dodging        | 3 4 5 |  5.3
Invocations    | 1 2 3 4 5 |  5.3
Shields        | 3 4 5 |  5.1
Fighting       | 3 4 |  4.2

Action                   |  1- 3 |  4- 6 |  7- 9 | 10-12 || total
-------------------------+-------+-------+-------+-------++-------
Melee: Unarmed           |   122 |    93 |   325 |   144 ||   684
  Use: Scroll            |       |       |     6 |       ||     6
 Stab: Sleeping          |     2 |     1 |       |     1 ||     4
       Paralysed         |     1 |     4 |     8 |     9 ||    22
Armor: Robe              |    45 |    23 |    41 |     5 ||   114
       Skin              |       |       |       |     4 ||     4
       Troll leather arm |       |       |       |    28 ||    28
Dodge: Dodged            |    64 |    28 |    89 |    57 ||   238
Block: Kite shield       |    35 |    34 |   109 |    60 ||   238
